 Dungeon Crawl Stone Soup version 0.29.1-1-gd02db6906a (webtiles) character file.

Game seed: 17475630037327921505

125 Godmorgon the Magician (level 5, -1/55 HPs)
             Began as a Djinni Ice Elementalist on Oct 2, 2022.
             Killed by divine providence
             ... invoked by an orc priest
              (15 damage)
             ... on level 3 of the Dungeon.
             The game lasted 00:11:16 (3261 turns).

Godmorgon the Magician (Djinni Ice Elementalist)    Turns: 3261, Time: 00:11:16

Health: -1/55      AC: 22    Str:  5 (7)  XL:     5   Next: 30%
Gold:   113        EV:  2    Int: 15 (18) God:
                   SH:  0    Dex: 13 (14)

rFire   . . .      SeeInvis .   b - +0 short sword
rCold   + . .      Faith    .   (no shield)
rNeg    . . .      Spirit   .   (body armour currently unavailable)
rPois   ∞          Reflect  .   (helmet currently unavailable)
rElec   .          Harm     .   (cloak currently unavailable)
rCorr   .          Rampage  .   (gloves currently unavailable)
Will    .....      NoTele   +   (boots unavailable)
Stlth   ++........              (no amulet)
HPRegen 0.18/turn               l - ring of protection from cold
MPRegen 0.00/turn               (no ring)

@: tree-form, attractive
A: stationary, stasis, torment immunity, boosted hp, sickness immunity, (fire
resistance 2), (cold vulnerability 1), float, innate caster, HP casting, extra
vitality 1
a: no special abilities


You were on level 3 of the Dungeon.
You were a tree.
You visited 1 branch of the dungeon, and saw 3 of its levels.
You also visited: Sewer.

You collected 113 gold pieces.

Inventory:

Hand Weapons
 b - a +0 short sword (weapon)
Armour
 c - a +0 helmet (melded)
 d - a +0 pair of gloves (melded)
 e - a +0 leather armour (melded)
Jewellery
 l - a ring of protection from cold (left branch)
Scrolls
 g - a scroll of identify {unknown}
 i - 2 scrolls of poison {unknown}
 j - a scroll of immolation {unknown}
 k - a scroll of fear {unknown}
 m - a scroll of brand weapon {unknown}
 q - a scroll of teleportation {unknown}
 s - a scroll of vulnerability {unknown}
Potions
 f - 2 potions of attraction
 h - a potion of brilliance {unknown}
 n - a potion of curing {unknown}
 o - 2 potions of lignification
 p - a potion of degeneration
 r - a potion of cancellation {unknown}


   Skills:
 + Level 1.6 Fighting
 * Level 2.0 Armour
 * Level 3.1 Dodging
 - Level 1.5 Stealth
 * Level 4.0 Spellcasting


You couldn't memorise any spells.
You knew the following spells:

 Your Spells              Type           Power      Damage    Failure   Level
a - Ozocubu's Armour      Ice            15%        N/A       11%         3
f - Freeze                Ice            60%        1d8       3%          1
h - Hailstorm             Conj/Ice       15%        3d5       34%         4
r - Frozen Ramparts       Ice            30%        1d5       11%         3
s - Summon Small Mammal   Summ           60%        N/A       3%          1
H - Ensorcelled Hibernat  Hex/Ice        30%        N/A       5%          2
Your spell library was empty.

Dungeon Overview and Level Annotations

Branches:
Dungeon (3/15)              Sewer (visited)

Altars:


Innate Abilities, Weirdness & Mutations

You are a tree.
Your roots penetrate the ground, keeping you stationary.
You cannot be teleported.
You are immune to unholy pain and torment.
Your maximum health is greatly increased.
Your equipment is partially melded.
You are immune to sickness and miasma.
You are immune to poison.
((Your flesh is very heat resistant. (rF++)))
((You are vulnerable to cold. (rC-)))
You float through the air rather than walking.
You learn spells naturally, not from books.
Your magical power is your life essence.
You have superior vitality. (+4 MHP)


Message History

Your +0 pair of gloves melds into your body.
Your +0 leather armour melds into your body.
Your roots penetrate the ground.
The orc wizard hits you but does no damage.
The orc barely misses you.
It was a potion of attraction.
You feel attractive to monsters.
The orc wizard mumbles some strange words.
The orc wizard flickers and vanishes!
Deactivating autopickup; reactivate with Ctrl-A.
The orc hits you but does no damage. The orc is attracted toward you.
It was a potion of degeneration.
There was something very wrong with that liquid.
You feel weakened.
You feel dopey.
You feel clumsy. Something completely misses you.
The orc hits you but does no damage.
It was a potion of heal wounds.
You feel much better.
The quokka twitches its whiskers.
You cannot move. (Use ctrl+direction or * direction to attack while stationary and confused.)
You attack the rock wall.
You feel less confused. The orc hits you but does no damage.
You hit the orc.
The orc is moderately wounded.
The orc priest mumbles some strange prayers to Beogh against you.
Beogh smites you!
* * * LOW HITPOINT WARNING * * *
Something hits you but does no damage. The orc hits you but does no damage. x2
Something hits you but does no damage.
You hit the orc.
The orc is severely wounded.
The orc priest casts a cantrip, but nothing happens.
You hear some strange, mumbled words.
A puff of flame appears from out of thin air!
The puff of flame hits you but does no damage.
The orc hits you but does no damage.
You hit the orc.
You kill the orc!
The orc priest calls down the wrath of Beogh upon you.
Beogh smites you!
You die...

.......###
.........#######
................
.......#.....###
########..##.### .#
#........... ...
#........>.. ...#
#>..........#####..#
##..........♣{.....#
#..........#ro<...#.
##..#########o........
#..........##.........
#.......)..##...!.....
#..........#..........
#..†..................
#..........##.........
#..........##........


You could see an orc priest, an orc and a quokka.

Vanquished Creatures
  2 adders
  2 river rats (Sewer)
  A worm (D:3)
  2 dart slugs
  2 orcs (D:3)
  13 ball pythons
  3 endoplasms
  5 giant cockroaches
  6 goblins
  3 hobgoblins
  4 jackals (D:1)
  4 kobolds
  5 quokkas
  3 bats
  8 frilled lizards (Sewer)
  14 rats
77 creatures vanquished.

Vanquished Creatures (collateral kills)
  2 ball pythons (D:2)
2 creatures vanquished.

Grand Total: 79 creatures vanquished

Notes
Turn   | Place    | Note
-------+----------+-------------------------------------------
     0 | D:1      | Godmorgon the Djinni Ice Elementalist began the quest for
                  | the Orb.
     0 | D:1      | Godmorgon set off with the following spells memorised:
                  | Freeze, Frozen Ramparts, Ozocubu's Armour, Hailstorm.
     0 | D:1      | Reached XP level 1. HP: 15/15 MP: 0/0
   201 | D:1      | Reached XP level 2. HP: 8/22 MP: 0/0
   677 | D:1      | Reached skill level 1 in Fighting
   909 | D:1      | Reached XP level 3. HP: 26/27 MP: 0/0
   909 | D:1      | Learned a level 1 spell: Summon Small Mammal
   964 | D:1      | You are sucked into a shaft and drop 1 floor!
  1495 | D:2      | Reached skill level 1 in Armour
  1624 | D:2      | Reached XP level 4. HP: 25/32 MP: 0/0
  2064 | D:2      | Found a faded altar of an unknown god.
  2116 | D:3      | Found a glowing drain.
  2252 | Sewer    | Entered a sewer
  2616 | Sewer    | Reached skill level 4 in Spellcasting
  2616 | Sewer    | Reached XP level 5. HP: 24/37 MP: 0/0
  2616 | Sewer    | Learned a level 2 spell: Ensorcelled Hibernation
  3261 | D:3      | Killed from afar by an orc priest

Illustrated notes

Levels and vault maps discovered:
D:1:      amcnicky_arrival_blooded_trapdoor, layout_rooms
D:2:      layout_rooms, shapermc_ecumenical_altar_hornbeckon,
          nrook_loot_triangle
D:3:      layout_rooms, gup_sewer_entry_pipe

Skill      XL: |  1  2  3  4  5 |
---------------+----------------+-----
Fighting       | 1 |  1.6
Armour         | 1 2 |  2.0
Spellcasting   | 4 |  4.0
Dodging        | 3 |  3.1
Stealth        | |  1.5

Action                   |  1- 3 |  4- 6 || total
-------------------------+-------+-------++-------
Melee: Short sword       |    11 |    23 ||    34
 Cast: Freeze            |    54 |    54 ||   108
       Summon Small Mamm |     3 |     4 ||     7
  Use: Potion            |       |     4 ||     4
 Stab: Sleeping          |       |     3 ||     3
Armor: Robe              |     6 |       ||     6
       Leather armour    |     7 |    11 ||    18
       Skin              |       |    10 ||    10
Dodge: Dodged            |    27 |    28 ||    55
